 Dungeon Crawl Stone Soup version 0.19.0-9-gfd783f2 (webtiles) character file.

1092 theElss the Destroyer (level 8, -16/46 HPs)
             Began as a High Elf Conjurer on Nov 7, 2016.
             Was a Follower of Vehumet.
             Killed from afar by mistymad's ghost (36 damage)
             ... with a bolt of lightning
             ... on level 6 of the Dungeon.
             The game lasted 00:15:45 (4672 turns).

theElss the Destroyer (High Elf Conjurer)           Turns: 4672, Time: 00:15:47

Health: -16/46     AC:  5    Str:  7    XL:     8   Next: 9%
Magic:  21/29      EV: 13    Int: 31    God:    Vehumet [*.....]
Gold:   337        SH:  0    Dex: 17    Spells: 4 memorised, 9 levels left

rFire  . . .     SeeInvis .     y - +8 hand axe "Ucuepn" {chop, rN+ Int+4 Dex+2}
rCold  . . .     Gourm    .     a - +0 robe
rNeg   + . .     Faith    .     (no shield)
rPois  .         Spirit   .     (no helmet)
rElec  .         Reflect  .     E - +0 cloak
rCorr  .         Harm     .     C - +1 pair of gloves
MR     .....                    (no boots)
Stlth  ++........               (no amulet)
                                s - +5 ring of intelligence
                                f - ring of magical power

@: no status effects
A: no striking features
a: Renounce Religion


You were on level 6 of the Dungeon.
You worshipped Vehumet.
Vehumet was aware of your devotion.
You were not hungry.

You visited 2 branches of the dungeon, and saw 7 of its levels.

You collected 337 gold pieces.

Inventory:

Hand Weapons
 y - the +8 hand axe "Ucuepn" (weapon) {chop, rN+ Int+4 Dex+2}
   (You found it on level 4 of the Dungeon)

   It inflicts extra damage upon your enemies.
   It affects your intelligence (+4).
   It affects your dexterity (+2).
   It protects you from negative energy.
Armour
 a - a +0 robe (worn)
 C - a +1 pair of gloves (worn)
 E - a +0 cloak (worn)
Jewellery
 d - a +1 ring of slaying
 f - a ring of magical power (left hand)
 s - a +5 ring of intelligence (right hand)
Scrolls
 g - 3 scrolls of identify {unknown}
 l - 3 scrolls of enchant weapon {unknown}
 m - a scroll of immolation {unknown}
 n - 2 scrolls of remove curse {unknown}
 p - a scroll of noise {unknown}
 r - a scroll of fear {unknown}
 t - 3 scrolls of teleportation {unknown}
 u - a scroll of fog {unknown}
 w - a scroll of amnesia {unknown}
 z - a scroll of recharging {unknown}
Potions
 e - a potion of cancellation {unknown}
 h - a potion of ambrosia {unknown}
 j - 3 potions of curing {unknown}
 q - a potion of degeneration {unknown}
 v - 2 potions of agility {unknown}
 x - 2 potions of berserk rage {unknown}
 A - a potion of haste {unknown}
 B - a potion of might {unknown}
Books
 b - a book of Conjurations

   Spells                             Type                      Level
   a - Magic Dart                     Conjuration                  1
   b - Searing Ray                    Conjuration                  2
   c - Dazzling Spray                 Conjuration/Hexes            3
   d - Fulminant Prism                Conjuration/Hexes            4
   e - Iskenderun's Mystic Blast      Conjuration                  4
   f - Iskenderun's Battlesphere      Conjuration/Charms           5
 o - a book of Misfortune

   Spells                             Type                      Level
   a - Confusing Touch                Hexes                        1
   b - Confuse                        Hexes                        3
   c - Gell's Gravitas                Hexes/Translocation          3
   d - Petrify                        Transmutation/Earth          4
   e - Metabolic Englaciation         Hexes/Ice                    5
   f - Yara's Violent Unravelling     Hexes/Transmutation          5
Comestibles
 c - 3 bread rations
 i - 7 meat rations
 k - 6 fruits
 D - 2 chunks of flesh


   Skills:
 - Level 2.1 Dodging
 - Level 2.1 Stealth
 + Level 7.3 Spellcasting
 + Level 9.0 Conjurations


You had 9 spell levels left.
You knew the following spells:

 Your Spells              Type           Power        Failure   Level  Hunger
a - Magic Dart            Conj           ####         1%          1    None
b - Iskenderun's Battles  Conj/Chrm      #####...     21%         5    ####...
c - Searing Ray           Conj           ######       1%          2    None
d - Iskenderun's Mystic   Conj           ######..     1%          4    ##.....


Dungeon Overview and Level Annotations

Branches:
Dungeon (6/15)             Temple (1/1) D:4

Altars:
Ashenzari
Cheibriados
Dithmenos
Elyvilon
Fedhas
Gozag
Hepliaklqana
Kikubaaqudgha
Makhleb
Nemelex Xobeh
Okawaru
Qazlal
Uskayaw
Vehumet
Xom
Yredelemnul
Zin
The Shining One

Annotations:
D:6 mistymad's ghost, novice TeAE


Message History

Vehumet accepts your kill.
Your battlesphere fires!
The barrage of energy hits the bullfrog.
The bullfrog is heavily wounded.
The bullfrog hits your battlesphere.
The searing ray hits the bullfrog.
The bullfrog is severely wounded.
Your battlesphere fires!
The barrage of energy hits the bullfrog.
You kill the bullfrog!
Vehumet accepts your kill.
You can now gain magical power from killing.
Vehumet offers you knowledge of Flame Tongue.
Your Conjurations skill increases to level 9!
Mistymad's ghost gestures at you while chanting.
The bolt of lightning hits your battlesphere.
Your battlesphere completely resists.
The bolt of lightning hits you!
Ouch! That really hurt!
You die...

...# ...# .F.# ....
<... ....
###############....
#.@*†..W...........
#.########.....##+#
#.#......#........#
#.#.####.#.....####
#.#.#.<#.#.#####
#.#....#.#.#
#.######.#.#
#........#.#
##########.#


You could see mistymad's ghost and a friendly battlesphere.

Vanquished Creatures
  Menkaure (D:4)
  A sky beast (D:6)
  An ogre (D:4)
  2 bullfrogs (D:6)
  A scorpion (D:5)
  2 crimson imps (D:5)
  A centaur skeleton (D:5)
  3 orc priests (D:5)
  Crazy Yiuf (D:5)
  Natasha (thrice) (D:4)
  An iguana (D:5)
  2 orc wizards (D:5)
  2 worker ants
  3 gnolls (D:2)
  8 adders
  An ooze (D:3)
  An adder skeleton (D:5)
  4 worms (D:2)
  5 leopard geckos
  13 orcs
  6 giant cockroaches
  8 goblins
  6 hobgoblins
  6 jackals
  8 kobolds
  A quokka (D:2)
  A ball python (D:1)
  3 bats
  7 frilled lizards
  A leopard gecko skeleton (D:4)
  3 rats
106 creatures vanquished.

Notes
Turn   | Place    | Note
-------+----------+-------------------------------------------
     0 | D:1      | theElss the High Elf Conjurer began the quest for the Orb.
     0 | D:1      | Reached XP level 1. HP: 11/11 MP: 4/4
   220 | D:1      | Reached XP level 2. HP: 17/17 MP: 4/6
   224 | D:1      | Learned a level 2 spell: Searing Ray
   454 | D:1      | Reached skill level 5 in Conjurations
   785 | D:1      | Reached XP level 3. HP: 17/21 MP: 7/7
  1566 | D:2      | Reached XP level 4. HP: 27/27 MP: 9/9
  1574 | D:2      | Reached skill level 6 in Conjurations
  2114 | D:3      | Reached XP level 5. HP: 31/31 MP: 11/11
  2517 | D:3      | You fall through a shaft for 2 floors!
  2517 | D:5      | Entered Level 5 of the Dungeon
  2517 | D:5      | Found a stormy altar of Qazlal.
  2517 | D:5      | Found a glowing golden altar of the Shining One.
  2648 | D:5      | Reached skill level 7 in Conjurations
  2648 | D:5      | Reached XP level 6. HP: 4/36 MP: 12/13
  2963 | D:3      | Found a hide-covered altar of Uskayaw.
  3213 | D:3      | Learned a level 4 spell: Iskenderun's Mystic Blast
  3262 | D:4      | Learned a level 5 spell: Iskenderun's Battlesphere
  3266 | D:4      | Found a staircase to the Ecumenical Temple.
  3278 | Temple   | Entered the Ecumenical Temple
  3287 | Temple   | Became a worshipper of Vehumet
  3331 | D:4      | Reached skill level 5 in Spellcasting
  3495 | D:4      | Noticed Menkaure
  3507 | D:4      | Killed Menkaure
  3507 | D:4      | Reached XP level 7. HP: 22/41 MP: 9/16
  3804 | D:4      | Noticed Natasha
  3807 | D:4      | Killed Natasha
  3807 | D:4      | Reached skill level 8 in Conjurations
  3824 | D:4      | Got a transparent hand axe
  3825 | D:4      | Identified the +8 hand axe "Ucuepn" {chop, rN+ Int+4 Dex+2} (You found it on level 4 of the Dungeon)
  3866 | D:4      | Noticed Natasha
  3872 | D:4      | Killed Natasha
  3920 | D:4      | Noticed Natasha
  3928 | D:4      | Killed Natasha
  4125 | D:5      | Found a runed door.
  4503 | D:5      | Noticed Crazy Yiuf
  4504 | D:5      | Killed Crazy Yiuf
  4623 | D:6      | Reached XP level 8. HP: 46/46 MP: 19/19
  4656 | D:6      | Noticed mistymad's ghost (novice TeAE)
  4672 | D:6      | Reached * piety under Vehumet
  4672 | D:6      | Offered knowledge of Flame Tongue by Vehumet.
  4672 | D:6      | Reached skill level 9 in Conjurations
  4672 | D:6      | Killed from afar by mistymad's ghost

Skill      XL: |  1  2  3  4  5  6  7  8 |
---------------+-------------------------+-----
Conjurations   | 5 6 7 8 9 |  9.0
Spellcasting   | 3 4 5 7 |  7.3
Dodging        | |  2.1
Stealth        | |  2.1

Action                   |  1- 3 |  4- 6 |  7- 9 || total
-------------------------+-------+-------+-------++-------
Melee: Unarmed           |     1 |       |       ||     1
       Club              |       |    13 |       ||    13
       Hand axe          |       |       |     6 ||     6
 Cast: Magic Dart        |    82 |    77 |    23 ||   182
       Searing Ray       |     2 |    15 |     4 ||    21
       Iskenderun's Myst |       |     1 |     8 ||     9
       Iskenderun's Batt |       |       |     1 ||     1
  Use: Potion            |       |     3 |       ||     3
  Eat: Chunk             |     2 |     6 |     4 ||    12
Armor: Robe              |       |     1 |     2 ||     3
Dodge: Dodged            |     6 |    23 |    11 ||    40
